AoeStats
← NDF

Arena

509224888Analyzed
2v2 RM · 6d ago on Sep 26, 2026· 43m 29s· 4 players
Game mode
Random Map
Map size
Medium (4 player)
Population
200
Speed
Normal
Resources
Standard
Victory
Conquest
Starting age
Dark Age
Ending age
Imperial Age
RankedLock teamsTeams togetherTeam positionsShared explorationLock speedFull tech treeHidden civsTurbo modeCheats
Victory
Defeat
🇨🇴 Byzantines · Colombia
827
+11
🇪🇬 Teutons · Egypt
798
+12
🇦🇷 Teutons · Argentina
717
-12
🇦🇷 Spanish · Argentina
701
-11
na.mehdi1995
11:26 Feudal Age
13:36 Horse Collar
16:00 Castle Age
20:12 Heavy Plow
20:41 Fletching
21:44 Town Watch
27:05 Imperial Age
25:25 Bodkin Arrow
26:42 Double-Bit Axe
27:36 Forging
27:31 Scale Barding Armor
27:30 Scale Mail Armor
29:06 Chemistry
29:31 Chain Mail Armor
30:22 Siege Engineers
31:38 Wheelbarrow
32:08 Stone Mining
32:13 Gold Mining
33:29 Plate Mail Armor
33:58 Ballistics
34:27 Hand Cart
34:13 Town Patrol
34:58 Iron Casting
33:50 Elite Teutonic Knight
36:56 Masonry
37:48 Blast Furnace
38:42 Arson
38:58 Squires
38:18 Pikeman
39:21 Bow Saw
40:09 Halberdier
juanbach2
0:38 Loom
10:36 Feudal Age
11:55 Wheelbarrow
11:08 Double-Bit Axe
11:24 Horse Collar
12:07 Gold Mining
20:21 Castle Age
18:47 Forging
18:29 Fletching
18:39 Stone Mining
20:06 Padded Archer Armor
21:41 Hand Cart
22:05 Bow Saw
22:41 Squires
30:55 Elite Skirmisher
31:46 Pikeman
31:49 Man-at-Arms
36:00 Imperial Age
33:35 Gambesons
35:08 Gold Shaft Mining
35:09 Stone Shaft Mining
36:24 Coinage
35:54 Caravan
36:03 Heavy Plow
37:21 Leather Archer Armor
37:01 Bodkin Arrow
36:57 Halberdier
36:58 Long Swordsman
37:49 Two-Handed Swordsman
39:41 Chemistry
39:02 Capped Ram
40:28 Champion
42:18 Caravan
43:04 Iron Casting
NDF
4:09 Loom
12:47 Feudal Age
14:25 Man-at-Arms
22:03 Castle Age
20:07 Horse Collar
20:59 Double-Bit Axe
21:46 Stone Mining
23:55 Gold Mining
26:43 Forging
26:34 Scale Mail Armor
26:40 Scale Barding Armor
29:33 Iron Casting
31:10 Padded Archer Armor
31:49 Bow Saw
33:12 Heavy Plow
37:21 Imperial Age
36:01 Wheelbarrow
38:21 Stone Shaft Mining
estebanpa
10:32 Feudal Age
18:36 Castle Age
16:50 Double-Bit Axe
16:50 Horse Collar
17:30 Scale Mail Armor
17:42 Forging
19:28 Heavy Plow
20:10 Bow Saw
22:36 Chain Mail Armor
23:28 Squires
22:51 Pikeman
26:00 Gold Mining
26:02 Stone Mining
31:25 Imperial Age
29:31 Wheelbarrow
28:43 Town Watch
29:19 Scale Barding Armor
29:46 Fortified Wall
29:44 Loom
29:50 Loom
31:08 Iron Casting
30:55 Chain Barding Armor
31:26 Redemption
31:31 Fervor
31:49 Sanctity
32:59 Ballistics
33:27 Block Printing
33:40 Illumination
33:50 Plate Mail Armor
34:20 Blast Furnace
32:46 Halberdier
34:40 Two-Man Saw
37:47 Cavalier
40:23 Paladin
Connection lost

Rejoining the realm…

Still unreachable

The connection could not be restored.

Session expired

The server has moved on; the page needs a fresh start.